 Dungeon Crawl Stone Soup version 0.16-a0-3308-g116f5c4 (webtiles) character file.

16 Kemay the Insei (level 2, -4/18 HPs)
             Began as an Octopode Transmuter on Dec 26, 2014.
             Slain by a gnoll
             ... wielding a +0 club
              (7 damage)
             ... on level 1 of the Dungeon.
             The game lasted 00:01:52 (1158 turns).

Kemay the Insei (Octopode Transmuter)               Turns: 1158, Time: 00:01:52

Health: -4/18      AC:  1    Str:  9    XL:     2   Next: 58%
Magic:  3/4        EV: 12    Int: 15    God:
Gold:   10         SH:  0    Dex: 12    Spells: 1 memorised, 4 levels left

rFire  . . .     SeeInvis .       - Unarmed
rCold  . . .     Clarity  .     (no shield)
rNeg   . . .     SustAb   .     (helmet restricted)
rPois  .         Gourm    .     (no amulet)
rElec  .         Spirit   .     (no ring)
rCorr  .         Warding  .     (no ring)
rMut   .         Stasis   .     (no ring)
MR     .....                    (no ring)
Stlth  ++........               (no ring)
                                (no ring)
                                (no ring)
                                (no ring)

@: appendage, not resistant to hostile enchantments, unstealthy
A: almost no armour, amphibious, 8 rings, constrict 8, tentacle spike 3,
camouflage 1, gelatinous body 1
a: End Transformation


You were on level 1 of the Dungeon.
You were not hungry.
One of your tentacles had a temporary spike.
You visited 1 branch of the dungeon, and saw 2 of its levels.

You collected 10 gold pieces.

Inventory:

Scrolls
 e - 2 scrolls of amnesia
Potions
 f - a potion of restore abilities {unknown}
Books
 d - a book of Changes

   Spells                             Type                      Level
   a - Beastly Appendage              Transmutation                1
   b - Sticks to Snakes               Transmutation                2
   c - Spider Form                    Transmutation/Poison         3
   d - Ice Form                       Ice/Transmutation            4
   e - Blade Hands                    Transmutation                5
Comestibles
 a - 2 bread rations
 b - 4 fruits
 c - a chunk of flesh
 h - a beef jerky


   Skills:
 - Level 1.0 Fighting
 + Level 2.4 Dodging
 * Level 3.3 Unarmed Combat
 - Level 2.0 Spellcasting
 + Level 2.2 Transmutations


You had 4 spell levels left.
You knew the following spells:

 Your Spells              Type           Power        Failure   Level  Hunger
a - Beastly Appendage     Trmt           #.....       12%         1    #......


Dungeon Overview and Level Annotations

Branches:
Dungeon (2/15)

Altars:


Innate Abilities, Weirdness & Mutations

You cannot wear most types of armour.
You are amphibious.
You can wear up to eight rings at the same time.
You can use your tentacles to constrict many enemies at once.
Your skin changes colour to match your surroundings (Stealth).
Your rubbery body absorbs attacks (AC +1).
One of your tentacles bears a large vicious spike.


Message History

You tentacle-slap the gnoll.
You tentacle-slap the gnoll, but do no damage.
The gnoll is lightly wounded.
You constrict the gnoll.
You release your grip on the gnoll.
The gnoll hits you with a club.
A rat comes into view.
You tentacle-slap the rat.
You kill the rat!
There is a stone staircase leading up here.
You see here a rat corpse.
The gnoll hits you with a club.
* * * LOW HITPOINT WARNING * * *
You climb upwards.
There is a stone staircase leading down here.
Casting: Beastly Appendage
Confirm with . or Enter, or press ? or * to list all spells.
One of your tentacles grows a vicious spike.
The gnoll hits you with a club!
You die...

......(.###..# #.# #.# #.
..####(.....(# #.# ##.#
######. ......(.##...###.#
##..# #......
..####.....).)...# #.#.#
#.####.
.............###.#####.##
#.# #.. .###.....#..##
#.....#.# #.# #..
.###.....#..# #.###.#.#
#.# #.. ..).........# #.#
#.#.# #.# #..
.###.....#.#####@# #.#.#
#.# #.# .#
#...........#g###.#.####.#
#.# .#
#.#......................#
#.# ##
#.#####.###.#.###.#.######
#.# # #.# #.###.#.###.#.#
#.#
####.#####.............#
#.#
.........#####.#.###.###
#.# ####.###.# #.#.# #.#
#.# # #.# #.# #.#.# #.#
#.#


You could see a gnoll.

Vanquished Creatures
  3 bats
  A giant cockroach (D:1)
  3 goblins (D:1)
  3 hobgoblins (D:1)
  4 kobolds (D:1)
  2 rats
16 creatures vanquished.

Notes
Turn   | Place    | Note
--------------------------------------------------------------
     0 | D:1      | Kemay, the Octopode Transmuter, began the quest for the Orb.
     0 | D:1      | Reached XP level 1. HP: 13/13 MP: 3/3
   406 | D:1      | Reached XP level 2. HP: 16/18 MP: 4/4
  1158 | D:1      | Slain by a gnoll

Action                   || total
-------------------------++-------
Melee: Unarmed           ||    37
 Cast: Beastly Appendage ||     1
  Use: Scroll            ||     5
 Stab: Sleeping          ||     3
  Eat: Chunk             ||     1
